 Dungeon Crawl Stone Soup version 0.29.0-4-gdea44cf6ec (webtiles) character file.

Game seed: 13996488926428137343

144 qw the Chopper (level 5, 0/30 HPs)
             Began as a Tengu Warper on Aug 28, 2022.
             Killed from afar by an orc wizard (4 damage)
             ... with a puff of flame
             ... on level 4 of the Dungeon.
             The game lasted 00:00:19 (3393 turns).

qw the Chopper (Tengu Warper)                       Turns: 3393, Time: 00:00:19

Health: 0/30       AC:  6    Str: 13    XL:     5   Next: 27%
Magic:  9/9        EV: 11    Int: 13    God:
Gold:   120        SH:  0    Dex: 14    Spells: 8/8 levels left

rFire   . . .      SeeInvis .   Y - +2 hand axe
rCold   . . .      Faith    .   (no shield)
rNeg    . . .      Spirit   .   e - +0 scale mail
rPois   .          Reflect  .   (helmet restricted)
rElec   .          Harm     .   (no cloak)
rCorr   .          Rampage  .   (no gloves)
Will    .....                   (boots unavailable)
Stlth   ..........              (no amulet)
HPRegen 0.10/turn               (no ring)
MPRegen 0.11/turn               (no ring)

@: about to teleport, flying quickly and evasively, quick
A: beak, talons 3, nimble flight
a: no special abilities


You were on level 4 of the Dungeon.
You visited 1 branch of the dungeon, and saw 4 of its levels.

You collected 120 gold pieces.


Innate Abilities, Weirdness & Mutations

You have a beak for a mouth.
You have claws for feet.
Your magical nature lets you fly swiftly and evasively.


   Skills:
 - Level 2.0 Fighting
 + Level 5.8 Axes
 - Level 1.0 Throwing
 - Level 1.1 Armour
 - Level 2.1 Dodging
 - Level 2.0 Spellcasting
 - Level 2.4 Translocations


You had 8 spell levels left.
You didn't know any spells.
Your spell library contained the following spells:

 Spells                   Type           Power      Damage    Failure   Level
 Blink                    Tloc           14%        N/A       56%         2
 Gell's Gravitas          Tloc           7%         N/A       80%         3
 Lesser Beckoning         Tloc           7%         N/A       80%         3
 Teleport Other           Tloc           7%         N/A       80%         3
 Manifold Assault         Tloc           7%         N/A       100%        5

Inventory:

Hand Weapons
 b - a +0 mace of protection
 Y - a +2 hand axe (weapon)
Armour
 e - a +0 scale mail (worn)
Scrolls
 a - a scroll of identify
 c - a scroll of teleportation
Potions
 g - a potion of lignification {unknown}
 n - a potion of ambrosia {unknown}

Dungeon Overview and Level Annotations

Branches:
Dungeon (4/15)
 Temple: D:4-7

Altars:

Shops:
D:2 =


Message History

You barely miss something. Your peck misses something.
Something hits you but does no damage.
You miss something. Something hits you.
An orc comes into view. It is wielding a +0 whip.
3366 ||| FLEEEEING.
The orc shouts!
3367 ||| FLEEEEING.
3368 ||| FLEEEEING.
3369 ||| FLEEEEING.
Found a stone staircase leading down.
3370 ||| FLEEEEING.
3371 ||| FLEEEEING.
3372 ||| FLEEEEING.
A magic dart appears from out of thin air!
The magic dart hits you but does no damage.
3373 ||| FLEEEEING.
A magic dart appears from out of thin air!
The magic dart hits you.
3374 ||| FLEEEEING.
3375 ||| FLEEEEING.
3376 ||| FLEEEEING.
3377 ||| FLEEEEING.
3378 ||| FLEEEEING.
3379 ||| FLEEEEING.
3380 ||| FLEEEEING.
A puff of flame appears from out of thin air!
The puff of flame hits you.
A magic dart appears from out of thin air!
The magic dart hits you!
You swing at nothing.
You swing at nothing.
You swing at nothing.
An orc wizard appears from thin air!
Reactivating autopickup.
3393 ||| READING 2 scrolls of teleportation.
As you read the scroll of teleportation, it crumbles to dust.
You feel strangely unstable.
The orc wizard points at you and mumbles some strange words.
The puff of flame hits you.
You die...

##..#...............#
#..##.............#####
.....#....o............
...........{............
###
.......................
##.#
...######....o.......#
##.## .. ###(........#
##.## ##.)......# #..#
#.....@..## ##.##
#####...#....####<##
##......###....##.##
.........##....#..#
..........#......##
.................#
......###.........#
....................#
P~P.~~..~~..#########


You could see an orc wizard and an orc.

Vanquished Creatures
  An orc wizard (D:3)
  4 adders
  A worm (D:2)
  2 dart slugs (D:1)
  6 orcs
  A bat (D:2)
  8 endoplasms
  4 giant cockroaches
  10 goblins
  4 hobgoblins
  4 kobolds
  4 quokkas
  8 ball pythons
  6 frilled lizards
  4 rats
  A spectral hobgoblin (D:1)
68 creatures vanquished.

Vanquished Creatures (others)
  A plant (D:4)
1 creature vanquished.

Grand Total: 69 creatures vanquished

Notes
Turn   | Place    | Note
-------+----------+-------------------------------------------
     0 | D:1      | qw the Tengu Warper began the quest for the Orb.
     0 | D:1      | Reached XP level 1. HP: 12/12 MP: 4/4
     0 | D:1      | 0 ||| qw: Version: 0.1-a-89-g26bdef1
     0 | D:1      | 0 ||| qw: Game counter: 2048
     0 | D:1      | 0 ||| qw: Always use a shield: true
     0 | D:1      | 0 ||| qw: God list: Okawaru
     0 | D:1      | 0 ||| qw: Allow faded altars: false
     0 | D:1      | 0 ||| qw: Do Orc after D:15 true
     0 | D:1      | 0 ||| qw: Do second Lair branch before Depths: true
     0 | D:1      | 0 ||| qw: Lair rune preference: random
     0 | D:1      | 0 ||| qw: Plans: Normal
     0 | D:1      | 0 ||| PLANNING D:1-11
    32 | D:1      | 32 ||| Stepping ~*~*~tactically~*~*~ (hiding).
    34 | D:1      | 34 ||| Stepping ~*~*~tactically~*~*~ (hiding).
   257 | D:1      | Reached XP level 2. HP: 16/17 MP: 6/6
   259 | D:1      | Reached skill level 3 in Axes
   440 | D:1      | Found a faded altar of an unknown god.
   441 | D:1      | 441 ||| Stepping ~*~*~tactically~*~*~ (stealth).
   442 | D:1      | 442 ||| Stepping ~*~*~tactically~*~*~ (stealth).
   662 | D:1      | 662 ||| DROPPING +0 club.
   912 | D:1      | 912 ||| Stepping ~*~*~tactically~*~*~ (stealth).
   919 | D:1      | Reached XP level 3. HP: 21/21 MP: 7/7
  1131 | D:1      | 1131 ||| UPGRADING to +0 scale mail.
  1141 | D:1      | 1141 ||| DROPPING +0 leather armour.
  1142 | D:1      | 1142 ||| READING 2 scrolls labelled GOIPUV PIZEDGH.
  1147 | D:1      | 1147 ||| READING scroll labelled JIPAYMP DAAXORPH.
  1148 | D:1      | 1148 ||| READING scroll labelled DUR OR TETE.
  1149 | D:1      | 1149 ||| READING scroll labelled ANGACHOEHOF.
  1150 | D:1      | 1150 ||| READING scroll labelled FIUCAF ORCHOR.
  1151 | D:1      | 1151 ||| DRINKING 2 fizzy green potions.
  1152 | D:1      | 1152 ||| DROPPING scroll of blinking.
  1153 | D:1      | 1153 ||| DROPPING potion of degeneration.
  1154 | D:1      | 1154 ||| READING scroll of teleportation.
  1215 | D:2      | Reached skill level 4 in Axes
  1459 | D:2      | 1459 ||| READING scroll of enchant weapon.
  1459 | D:2      | 1459 ||| ENCHANTING +1 hand axe.
  1577 | D:2      | 1577 ||| Stepping ~*~*~tactically~*~*~ (stealth).
  1590 | D:2      | 1590 ||| Stepping ~*~*~tactically~*~*~ (stealth).
  1667 | D:2      | Reached XP level 4. HP: 25/26 MP: 8/8
  1826 | D:2      | Found Wepuosemp's Jewellery Boutique.
  1833 | D:2      | 1833 ||| SHOPLISTING amulet "Juhe" {Acrobat Drain Int+4
                  | Dex+5} (653 gold, have 70).
  1833 | D:2      | 1833 ||| SHOPLISTING amulet of guardian spirit (390 gold,
                  | have 70).
  1833 | D:2      | 1833 ||| SHOPLISTING ring of fire (325 gold, have 70).
  1833 | D:2      | 1833 ||| SHOPLISTING ring of the Hurtling Gods {rN+ SInv}
                  | (340 gold, have 70).
  1833 | D:2      | 1833 ||| SHOPLISTING ring of willpower (325 gold, have 70).
  2038 | D:2      | Reached skill level 5 in Axes
  2172 | D:2      | 2172 ||| READING 3 scrolls labelled GAOCLACILO.
  2173 | D:2      | 2173 ||| READING scroll labelled UMESMIE VIYROCW.
  2174 | D:2      | 2174 ||| READING scroll labelled TAYJAP OCLU.
  2175 | D:2      | 2175 ||| READING 2 scrolls of identify.
  2175 | D:2      | 2175 ||| IDENTIFYING bubbling red potion
  2216 | D:3      | 2216 ||| Stepping ~*~*~tactically~*~*~ (stealth).
  2232 | D:3      | HP: 5/26 [orc/+0 mace of protection (6)]
  2233 | D:3      | 2233 ||| DRINKING potion of heal wounds.
  2241 | D:3      | HP: 6/26 [orc/+0 short sword (3)]
  2253 | D:3      | 2253 ||| FLEEEEING.
  2254 | D:3      | 2254 ||| FLEEEEING.
  2255 | D:3      | 2255 ||| FLEEEEING.
  2256 | D:3      | 2256 ||| FLEEEEING.
  2257 | D:3      | 2257 ||| FLEEEEING.
  2258 | D:3      | 2258 ||| FLEEEEING.
  2259 | D:3      | 2259 ||| FLEEEEING.
  2260 | D:3      | 2260 ||| FLEEEEING.
  2261 | D:3      | 2261 ||| FLEEEEING.
  2262 | D:3      | 2262 ||| FLEEEEING.
  2263 | D:3      | 2263 ||| FLEEEEING.
  2264 | D:3      | 2264 ||| FLEEEEING.
  2265 | D:3      | 2265 ||| FLEEEEING.
  2266 | D:3      | 2266 ||| FLEEEEING.
  2267 | D:3      | 2267 ||| FLEEEEING.
  2268 | D:3      | 2268 ||| FLEEEEING.
  2269 | D:3      | 2269 ||| FLEEEEING.
  2270 | D:3      | 2270 ||| FLEEEEING.
  2272 | D:3      | 2272 ||| STAIRDANCE
  2520 | D:3      | 2520 ||| DROPPING +0 whip.
  2607 | D:3      | Gained mutation: Your magical nature lets you fly swiftly
                  | and evasively. [Tengu growth]
  2607 | D:3      | Reached XP level 5. HP: 30/30 MP: 9/9
  3260 | D:3      | 3260 ||| READING 3 scrolls of identify.
  3260 | D:3      | 3260 ||| IDENTIFYING brown potion
  3261 | D:3      | 3261 ||| READING 2 scrolls of identify.
  3261 | D:3      | 3261 ||| IDENTIFYING murky brown potion
  3262 | D:3      | 3262 ||| DROPPING potion of brilliance.
  3263 | D:3      | 3263 ||| DROPPING potion of flight.
  3353 | D:4      | 3353 ||| Stepping ~*~*~tactically~*~*~ (hiding).
  3366 | D:4      | 3366 ||| FLEEEEING.
  3367 | D:4      | 3367 ||| FLEEEEING.
  3368 | D:4      | 3368 ||| FLEEEEING.
  3369 | D:4      | 3369 ||| FLEEEEING.
  3370 | D:4      | 3370 ||| FLEEEEING.
  3371 | D:4      | 3371 ||| FLEEEEING.
  3372 | D:4      | 3372 ||| FLEEEEING.
  3373 | D:4      | 3373 ||| FLEEEEING.
  3374 | D:4      | 3374 ||| FLEEEEING.
  3375 | D:4      | 3375 ||| FLEEEEING.
  3376 | D:4      | 3376 ||| FLEEEEING.
  3377 | D:4      | 3377 ||| FLEEEEING.
  3378 | D:4      | 3378 ||| FLEEEEING.
  3379 | D:4      | 3379 ||| FLEEEEING.
  3380 | D:4      | 3380 ||| FLEEEEING.
  3384 | D:4      | HP: 3/30 [something/magic dart (9)]
  3393 | D:4      | 3393 ||| READING 2 scrolls of teleportation.
  3393 | D:4      | Killed from afar by an orc wizard

Levels and vault maps discovered:
D:1:      giann_bridges, layout_loops_ring,
          dreamdust_ecumenical_altar_drowned_temple
D:2:      minmay_diamond_boxcup, layout_basic, serial_shops, shop,
          minmay_misc_feat_tiny
D:3:      layout_basic, chequers_serial_rivers_large_b
D:4:      layout_layer_cave, nzn_hepliaklqana_mist_gate, grunt_decor_cap,
          chequers_big_river

Skill      XL: |  1  2  3  4 |
---------------+-------------+-----
Axes           | 3 4 5 |  5.8
Fighting       | |  2.0
Throwing       | |  1.0
Armour         | |  1.1
Dodging        | |  2.1
Spellcasting   | |  2.0
Translocations | |  2.4

Action                   |  1- 3 |  4- 6 || total
-------------------------+-------+-------++-------
Melee: Hand axe          |    79 |    67 ||   146
       Kick              |    19 |    11 ||    30
       Peck              |     5 |     6 ||    11
Throw: Boomerang         |     7 |       ||     7
  Use: Scroll            |     7 |     7 ||    14
       Potion            |     1 |     1 ||     2
Armor: Leather armour    |     5 |       ||     5
       Scale mail        |    10 |    26 ||    36
Dodge: Dodged            |    25 |    22 ||    47

Table legend:
 A = Non-vault XP
 B = Vault XP
 C = Vault XP percentage of total XP
 D = Non-vault monster count
 E = Vault monster count
 F = Vault count percentage of total count
                 A         B        C        D         E       F
            +---------+---------+-------+---------+---------+-------
      Total |     192 |      15 |   7.2 |      59 |       9 |  13.2
            +---------+---------+-------+---------+---------+-------
        D:1 |      37 |       1 |   2.6 |      20 |       1 |   4.8
        D:2 |      62 |      14 |  18.4 |      22 |       8 |  26.7
        D:3 |      85 |       0 |   0.0 |      14 |       0 |   0.0
        D:4 |       8 |       0 |   0.0 |       3 |       0 |   0.0
            +---------+---------+-------+---------+---------+-------
